 Dungeon Crawl Stone Soup version 0.31-a0-963-ga325b2283a (webtiles) character file.

Game seed: 11079282128933899888

579 croobank the Nimble (level 7, -15/63 HPs)
             Began as a Gnoll Monk on Oct 24, 2023.
             Was a Follower of Ashenzari.
             Demolished by an orc warrior
             ... wielding a +0 heavy battleaxe
              (23 damage)
             ... on level 5 of the Dungeon.
             The game lasted 00:11:44 (3450 turns).

croobank the Nimble (Gnoll Monk)                    Turns: 3450, Time: 00:11:44

Health: -15/63     AC:  7    Str: 10    XL:     7   Next: 36%
Magic:  14/14      EV: 15    Int: 11    God:    Ashenzari [*.....]
Gold:   196        SH:  0    Dex: 15    Spells: 14/16 levels left

rFire   . . .        a - +0 short sword
rCold   . . .        (no shield)
rNeg    . . .        m - +0 leather armour
rPois   .            i - +0 helmet
rElec   .            (no cloak)
rCorr   .            t - +0 pair of gloves of Ashenzari's Servitude {Comp, Range} (curse)
SInv    .            l - +0 pair of boots of the Wild Blue Yonder {Bglg, Range} (curse)
Will    .....        (no amulet)
Stlth   +++          (no ring)
HPRegen 0.30/turn    (no ring)
MPRegen 0.14/turn

%: no passive effects
@: mighty
A: fangs 1, strong nose, distributed training
a: Renounce Religion, Shatter the Chains


You were on level 5 of the Dungeon.
You worshipped Ashenzari.
Ashenzari was aware of your devotion.
You visited 2 branches of the dungeon, and saw 6 of its levels.

You collected 196 gold pieces.

Inventory:

Hand Weapons
 a - a +0 short sword (weapon)
 b - a +0 long sword
Missiles
 e - 3 atropa-tipped darts
 k - 6 poisoned darts
Armour
 d - an orb of light
 i - a +0 helmet (worn)
 l - the cursed +0 pair of boots of the Wild Blue Yonder (worn) {Bglg, Range}
   (You found it on level 3 of the Dungeon)

   It has a curse which improves the following skills: Beguiling: Conjurations,
   Hexes and Translocations.
   Ranged Combat: Ranged Weapons and Throwing.
 m - a +0 leather armour (worn)
 t - the cursed +0 pair of gloves of Ashenzari's Servitude (worn) {Comp, Range}
   (You found it on level 4 of the Dungeon)

   It has a curse which improves the following skills: Companions: Summonings
   and Necromancy.
   Ranged Combat: Ranged Weapons and Throwing.
Jewellery
 h - a ring of ice
 r - a +4 ring of protection
Talismans
 q - a flux talisman
Wands
 u - a wand of quicksilver (5)
Scrolls
 f - 2 scrolls of identify
 o - a scroll of teleportation
Potions
 c - 3 potions of ambrosia
 g - a potion of attraction
 j - a potion of heal wounds
 n - a potion of might


   Skills:
 + Level 8.3 Fighting
 + Level 8.3 Short Blades
 + Level 5.0 Long Blades
 + Level 5.0 Axes
 + Level 5.0 Maces & Flails
 + Level 5.0 Polearms
 + Level 5.0 Staves
 + Level 5.0(6.2) Ranged Weapons
 + Level 5.0(6.2) Throwing
 + Level 5.0 Armour
 + Level 8.3 Dodging
 + Level 5.0 Stealth
 + Level 5.0 Shields
 + Level 5.0 Unarmed Combat
 + Level 5.0 Spellcasting
 + Level 4.1(4.8) Conjurations
 + Level 4.1(4.8) Hexes
 + Level 4.1(4.8) Summonings
 + Level 4.1(4.8) Necromancy
 + Level 4.1(4.8) Translocations
 + Level 4.1 Transmutations
 + Level 4.1 Fire Magic
 + Level 4.1 Ice Magic
 + Level 4.1 Air Magic
 + Level 4.1 Earth Magic
 + Level 4.1 Poison Magic
 + Level 5.5 Invocations
 + Level 5.0 Evocations
 + Level 4.5 Shapeshifting


You had 14 spell levels left.
You knew the following spells:

 Your Spells              Type           Power      Damage    Failure   Level
a - Wereblood             Tmut           11%        N/A       8%          2

Your spell library contained the following spells:

 Spells                   Type           Power      Damage    Failure   Level
 Summon Small Mammal      Summ           52%        N/A       3%          1
 Sublimation of Blood     Necr           13%        N/A       6%          2
 Ensorcelled Hibernation  Hex/Ice        24%        N/A       7%          2
 Passwall                 Tmut/Erth      9%         N/A       8%          2
 Call Canine Familiar     Summ           13%        N/A       12%         3
 Summon Guardian Golem    Hex/Summ       13%        N/A       12%         3
 Hailstorm                Conj/Ice       12%        3d5       13%         3
 Ignite Poison            Fire/Tmut/Pois 11%        N/A       16%         3
 Swiftness                Air            11%        N/A       16%         3
 Sticky Flame             Conj/Fire      12%        2d4       41%         4
 Summon Ice Beast         Ice/Summ       12%        N/A       41%         4
 Olgreb's Toxic Radiance  Pois           11%        N/A       45%         4
 Simulacrum               Ice/Necr       6%         N/A       100%        6
 Summon Hydra             Summ           6%         N/A       100%        7
 Discord                  Hex            6%         N/A       100%        8
 Ignition                 Fire           5%         3d4       100%        8


Dungeon Overview and Level Annotations

Branches:
Dungeon (5/15)             Temple (1/1) D:4

Altars:
Ashenzari
Cheibriados
Dithmenos
Elyvilon
Fedhas
Gozag
Hepliaklqana
Kikubaaqudgha
Makhleb
Nemelex Xobeh
Okawaru
Qazlal
Ru
Sif Muna
Trog
Uskayaw
Vehumet
Wu Jian
Xom
Zin
The Shining One


Innate Abilities, Weirdness & Mutations

You have very sharp teeth.
Your uncanny sense of smell can sniff out nearby items.
Your experience applies equally to all skills.


Message History

You hit the iguana but do no damage.
The iguana is heavily wounded.
The iguana closely misses you.
You hit the iguana but do no damage.
The iguana is heavily wounded.
The iguana completely misses you.
Okay, then.
You feel very mighty all of a sudden. The iguana barely misses you.
You hit the iguana but do no damage. Your bite misses the iguana.
The iguana is heavily wounded.
You hit the iguana but do no damage. You bite the iguana.
The iguana is almost dead.
The iguana misses you.
You hit the iguana. Your bite misses the iguana.
The iguana is almost dead.
You closely miss the iguana. You punch the iguana.
You kill the iguana!
You closely miss the orc warrior. You barely miss the orc warrior.
The orc warrior misses you.
You hit the orc warrior.
The orc warrior is moderately wounded.
You hit the orc warrior but do no damage.
The orc warrior is moderately wounded.
The orc warrior hits you with a +0 heavy battleaxe!!
You hit the orc warrior.
The orc warrior is heavily wounded.
You hit the orc warrior.
The orc warrior is heavily wounded.
You closely miss the orc warrior.
The orc warrior is heavily wounded.
The orc priest looks encouraged for a moment.
The orc warrior hits you with a +0 heavy battleaxe!!
* * * LOW HITPOINT WARNING * * *
You hit the orc warrior but do no damage.
The orc warrior is heavily wounded.
You hit the orc warrior but do no damage.
The orc warrior is heavily wounded.
The orc warrior hits you with a +0 heavy battleaxe!!
You die...

∆ . . ..# .#....# #.#...
#.... #.#.# # ########.#.# #
#. #........[.#.### #.####
######.######........
....<###........@oSo.....###
#.....##.####.#####..#.##...
####..##.# #.# #.#.#.# .#
#..##># #.# #..)......#
#†.##.## #.# #.#....#...
..##..#...###.# ##....?..
#........†.##.# .........
####....>.....# ..........
#.......#### ?........#


You could see an orc warrior, an adder and an orc.

Vanquished Creatures
  A centaur (D:5)
  3 iguanas
  Natasha (twice) (D:2)
  8 adders
  5 dart slugs
  2 worms
  5 bats
  5 endoplasms
  A giant cockroach (D:1)
  8 hobgoblins
  7 quokkas
  12 ball pythons
  3 frilled lizards
  8 goblins
  7 kobolds
  8 rats
85 creatures vanquished.

Notes
Turn   | Place    | Note
-------+----------+-------------------------------------------
     0 | D:1      | croobank the Gnoll Monk began the quest for the Orb.
     0 | D:1      | Reached XP level 1. HP: 23/23 MP: 1/1
   125 | D:1      | Reached XP level 2. HP: 20/29 MP: 2/2
   173 | D:1      | Found a faded altar of an unknown god.
   179 | D:1      | Found Nigasom's Weapon Shop.
   423 | D:1      | Reached XP level 3. HP: 35/35 MP: 3/3
   656 | D:1      | Reached skill level 1 in Invocations
  1007 | D:2      | Reached skill level 1 in Long Blades
  1007 | D:2      | Reached skill level 1 in Axes
  1007 | D:2      | Reached skill level 1 in Maces & Flails
  1007 | D:2      | Reached skill level 1 in Polearms
  1007 | D:2      | Reached skill level 1 in Staves
  1007 | D:2      | Reached skill level 1 in Ranged Weapons
  1007 | D:2      | Reached skill level 1 in Throwing
  1007 | D:2      | Reached skill level 1 in Armour
  1007 | D:2      | Reached skill level 1 in Stealth
  1007 | D:2      | Reached skill level 1 in Shields
  1007 | D:2      | Reached skill level 1 in Unarmed Combat
  1007 | D:2      | Reached skill level 1 in Spellcasting
  1007 | D:2      | Reached skill level 1 in Evocations
  1090 | D:2      | Noticed Natasha
  1107 | D:2      | Killed Natasha
  1108 | D:2      | Reached skill level 1 in Shapeshifting
  1108 | D:2      | Reached XP level 4. HP: 26/41 MP: 5/5
  1140 | D:2      | Noticed Natasha
  1170 | D:2      | Reached skill level 1 in Conjurations
  1170 | D:2      | Reached skill level 1 in Hexes
  1170 | D:2      | Reached skill level 1 in Summonings
  1170 | D:2      | Reached skill level 1 in Necromancy
  1170 | D:2      | Reached skill level 1 in Translocations
  1170 | D:2      | Reached skill level 1 in Transmutations
  1170 | D:2      | Reached skill level 1 in Fire Magic
  1170 | D:2      | Reached skill level 1 in Ice Magic
  1170 | D:2      | Reached skill level 1 in Air Magic
  1170 | D:2      | Reached skill level 1 in Earth Magic
  1170 | D:2      | Reached skill level 1 in Poison Magic
  1253 | D:2      | Learned a level 2 spell: Wereblood
  1623 | D:2      | Killed Natasha
  1624 | D:2      | Reached XP level 5. HP: 42/47 MP: 5/7
  1812 | D:3      | Identified the +6 scale mail of Noon {rElec}
  2776 | D:4      | Reached XP level 6. HP: 53/53 MP: 8/8
  2789 | D:4      | Found a staircase to the Ecumenical Temple.
  2803 | D:4      | Reached skill level 5 in Invocations
  2803 | D:4      | Reached XP level 7. HP: 62/62 MP: 8/14
  2833 | Temple   | Entered the Ecumenical Temple
  2857 | Temple   | Became a worshipper of Ashenzari the Shackled
  2940 | D:4      | Reached * piety under Ashenzari
  3218 | D:5      | Entered Level 5 of the Dungeon
  3346 | D:5      | Reached skill level 5 in Long Blades
  3346 | D:5      | Reached skill level 5 in Axes
  3346 | D:5      | Reached skill level 5 in Maces & Flails
  3346 | D:5      | Reached skill level 5 in Polearms
  3346 | D:5      | Reached skill level 5 in Staves
  3346 | D:5      | Reached skill level 5 in Ranged Weapons
  3346 | D:5      | Reached skill level 5 in Throwing
  3346 | D:5      | Reached skill level 5 in Armour
  3346 | D:5      | Reached skill level 5 in Stealth
  3346 | D:5      | Reached skill level 5 in Shields
  3346 | D:5      | Reached skill level 5 in Unarmed Combat
  3346 | D:5      | Reached skill level 5 in Spellcasting
  3346 | D:5      | Reached skill level 5 in Evocations
  3407 | D:5      | Identified a scroll of acquirement
  3450 | D:5      | Demolished by an orc warrior

Illustrated notes

Levels and vault maps discovered:
D:1:      dpeg_arrival_leaves_temple_mockup, layout_rooms, serial_forest,
          infiniplex_forest_zigzag_1, infiniplex_forest_clump_curved,
          infiniplex_forest_3_way, infiniplex_forest_lined_ring,
          infiniplex_forest_straight_3, infiniplex_forest_clump_curved,
          infiniplex_forest_clump_small, serial_shops, shop,
          hellmonk_ecumenical_altar_pennies_from_heaven
D:2:      minmay_evil_eye, layout_basic, chequers_hall_statues_wall_a,
          minmay_pentomino_o4, uniq_natasha
D:3:      layout_loops_corners, corner_web_ring, minmay_misc_feat_hallway,
          kennysheep_generic_room_13
D:4:      layout_cave_pools, temple_statues
D:5:      layout_loops_ring, nicolae_half_adder
Temple:   mainiacjoe_temple_trianglar_array

Skill      XL: |  1  2  3  4  5  6  7 |
---------------+----------------------+-----
Invocations    | 1 2 5 |  5.5
Long Blades    | 1 4 5 |  5.0
Axes           | 1 4 5 |  5.0
Maces & Flails | 1 4 5 |  5.0
Polearms       | 1 4 5 |  5.0
Staves         | 1 4 5 |  5.0
Ranged Weapons | 1 4 5 |  5.0
Throwing       | 1 4 5 |  5.0
Armour         | 1 4 5 |  5.0
Stealth        | 1 4 5 |  5.0
Shields        | 1 4 5 |  5.0
Unarmed Combat | 1 4 5 |  5.0
Spellcasting   | 1 4 5 |  5.0
Evocations     | 1 4 5 |  5.0
Shapeshifting  | 1 4 |  4.5
Conjurations   | 1 4 |  4.1
Hexes          | 1 4 |  4.1
Summonings     | 1 4 |  4.1
Necromancy     | 1 4 |  4.1
Translocations | 1 4 |  4.1
Transmutations | 1 4 |  4.1
Fire Magic     | 1 4 |  4.1
Ice Magic      | 1 4 |  4.1
Air Magic      | 1 4 |  4.1
Earth Magic    | 1 4 |  4.1
Poison Magic   | 1 4 |  4.1
Fighting       | 8 |  8.3
Short Blades   | 8 |  8.3
Dodging        | 8 |  8.3

Action                     |  1- 3 |  4- 6 |  7- 9 || total
---------------------------+-------+-------+-------++-------
  Melee: Short sword       |   138 |   182 |    92 ||   412
         Bite              |    16 |    24 |    16 ||    56
         Punch             |     1 |     2 |     7 ||    10
   Cast: Wereblood         |       |     2 |       ||     2
 Invoke: Curse Item        |       |       |     2 ||     2
    Use: Scroll            |       |     5 |     3 ||     8
         Potion            |       |     2 |     1 ||     3
   Stab: Sleeping          |     2 |     6 |     1 ||     9
 Armour: Robe              |    30 |       |       ||    30
         Leather armour    |    12 |    60 |    30 ||   102
  Dodge: Dodged            |    78 |    91 |    43 ||   212

Table legend: (Time is in decaauts)
 A = Elapsed time spent in this place.
 B = Non-inter-level travel time spent in this place.
 C = Inter-level travel time spent in this place.
 D = Time resting spent in this place.
 E = Time spent auto-exploring this place.
 F = Levels seen in this place.
 G = Mean time per level.
                   A        B        C        D        E       F      G
               +--------+--------+--------+--------+--------+-----+--------+
         Total |   3327 |   3132 |    195 |     10 |   2332 |   6 |  554.5 |
       Dungeon |   3278 |   3129 |    149 |     10 |   2332 |   5 |  655.6 |
        Temple |     48 |      2 |     46 |      0 |      0 |   1 |   48.0 |
               +--------+--------+--------+--------+--------+-----+--------+

Top non-repeatable levels by time:
     D:3: 908 daAuts
     D:1: 877 daAuts
     D:2: 722 daAuts
     D:4: 567 daAuts
     D:5: 202 daAuts
  Temple: 48 daAuts
